 Dungeon Crawl Stone Soup version 0.31-a0-1183-gd88bbb8b4d (webtiles) character file.

Game seed: 14972924635021736625

78 qw the Shooter (level 4, -12/28 HPs)
             Began as a Gargoyle Hunter on Dec 11, 2023.
             Killed by divine providence
             ... invoked by an orc priest
              (14 damage)
             ... on level 3 of the Dungeon.
             The game lasted 00:00:37 (1694 turns).

qw the Shooter (Gargoyle Hunter)                    Turns: 1694, Time: 00:00:38

Health: -12/28     AC: 11    Str: 15    XL:     4   Next: 36%
Magic:  4/4        EV: 11    Int:  9    God:
Gold:   104        SH:  0    Dex: 15    Spells: 3/3 levels left

rFire   + . .        a - +0 shortbow
rCold   . . .        (shield currently unavailable)
rNeg    + . .        l - +0 ring mail
rPois   inf          (no helmet)
rElec   +            (no cloak)
rCorr   .            (no gloves)
SInv    .            e - +2 pair of boots
Will    .....        f - amulet of the acrobat
Stlth   +            i - ring of protection from fire
HPRegen 0.24/turn    (no ring)
MPRegen 0.09/turn

%: acrobat
@: no status effects
A: sickness immunity, AC +3, negative energy resistance 1, electricity
resistance, torment resistance 1, petrification resistance
a: no special abilities


You were on level 3 of the Dungeon.
You visited 1 branch of the dungeon, and saw 3 of its levels.

You collected 104 gold pieces.


Innate Abilities, Weirdness & Mutations

You are immune to sickness and miasma.
Your stone body is resilient. (AC +3)
You are immune to poison.
You resist negative energy. (rN+)
You are resistant to electric shocks. (rElec)
You are resistant to unholy torment.
You are immune to petrification.


   Skills:
 - Level 3.1 Fighting
 + Level 5.1 Ranged Weapons
 - Level 1.0 Armour
 - Level 1.5 Dodging
 - Level 1.1 Stealth


You had 3 spell levels left.
You didn't know any spells.
Your spell library was empty.

Inventory:

Hand Weapons
 a - a +0 shortbow (weapon)
Armour
 e - a +2 pair of boots (worn)
 l - a +0 ring mail (worn)
Jewellery
 b - a ring of ice
 f - an amulet of the acrobat (around neck)
 i - a ring of protection from fire (left hand)
Scrolls
 d - a scroll of identify
 g - a scroll of teleportation
Potions
 k - a potion of enlightenment

Dungeon Overview and Level Annotations

Branches:
Dungeon (3/15)

Altars:
Elyvilon


Message History

The arrow closely misses the orc priest.
You shoot an arrow. The arrow hits the orc priest.
The orc priest is lightly wounded.
You shoot an arrow.
The arrow hits the orc priest but does no damage.
The orc priest is lightly wounded.
The orc priest hits you but does no damage.
The orc priest splashes around in the water.
You shoot an arrow. The arrow hits the orc priest.
The orc priest is heavily wounded.
The orc priest closely misses you.
You shoot an arrow. The arrow hits the orc priest.
The orc priest is severely wounded.
The orc priest looks encouraged for a moment.
You shoot an arrow. The arrow barely misses the orc priest.
The orc priest hits you but does no damage.
You shoot an arrow.
The arrow hits the orc priest but does no damage.
The orc priest is severely wounded.
The orc priest invokes the aid of Beogh against you.
Beogh smites you! The orc priest completely misses you.
You shoot an arrow. The arrow hits the orc priest.
The orc priest is almost dead.
The orc priest misses you.
You shoot an arrow. The arrow barely misses the orc priest.
The orc priest hits you with a +0 mace.
You shoot an arrow.
The arrow hits the orc priest but does no damage.
The orc priest is almost dead.
The orc priest closely misses you.
You shoot an arrow.
The arrow hits the orc priest but does no damage.
The orc priest is almost dead.
The orc priest mumbles some strange prayers to Beogh against you.
Beogh smites you!
Ouch! That really hurt!
The orc priest mumbles some strange prayers to Beogh against you.
Beogh smites you!
Ouch! That really hurt!
You die...

# # ###### #
##....#### #
##..~~~.~.# #
#######..#~#~##.##
#
.......@.~.#~8~..##
#
#.....~o##~~~~#...#
.....)~##~~~~##~#.#
#....)~ ~~~.~#....#
#.....~ ~~~~~#~.#.#
#.)....+.~~._#~.#.#
#)....~ ~~~~.#.~#.#
#..>...
~~.~#..#.###
~.~#~.#...##


You could see an orc priest.

Vanquished Creatures
  3 adders (D:2)
  2 dart slugs (D:1)
  3 orcs (D:3)
  2 ball pythons
  5 endoplasms
  A giant cockroach (D:1)
  5 hobgoblins
  8 jackals
  A quokka (D:1)
  3 bats
  3 frilled lizards
  A goblin (D:3)
  3 kobolds
  A spectral hobgoblin (D:3)
41 creatures vanquished.

Notes
Turn   | Place    | Note
-------+----------+-------------------------------------------
     0 | D:1      | qw the Gargoyle Hunter began the quest for the Orb.
     0 | D:1      | Reached XP level 1. HP: 12/12 MP: 1/1
     0 | D:1      | 0 ||| qw: Version: 0.3-a-106-g2cfff9e
     0 | D:1      | 0 ||| qw: Game counter: 2114
     0 | D:1      | 0 ||| qw: Melee chars always use a shield: true
     0 | D:1      | 0 ||| qw: God list: Okawaru
     0 | D:1      | 0 ||| qw: Allow faded altars: false
     0 | D:1      | 0 ||| qw: Do Orc after clearing Dungeon:15 true
     0 | D:1      | 0 ||| qw: Do second Lair branch before Depths: true
     0 | D:1      | 0 ||| qw: Lair rune preference: random
     0 | D:1      | 0 ||| qw: Goals: Normal, Save, Zot:1-4, Win
     0 | D:1      | 0 ||| PLANNING D:1-11
   123 | D:1      | Reached XP level 2. HP: 17/17 MP: 2/2
   452 | D:1      | Reached XP level 3. HP: 21/21 MP: 3/3
   551 | D:1      | Reached skill level 5 in Ranged Weapons
   686 | D:1      | 686 ||| UPGRADING to amulet of the acrobat.
   691 | D:1      | 691 ||| DROPPING ring of flight.
   692 | D:1      | 692 ||| READING 3 scrolls labelled AFIORGH TURPH.
   692 | D:1      | 692 ||| IDENTIFYING yellow potion
   693 | D:1      | 693 ||| READING 2 scrolls of identify.
   693 | D:1      | 693 ||| IDENTIFYING sapphire potion
   694 | D:1      | 694 ||| READING scroll of identify.
   694 | D:1      | 694 ||| IDENTIFYING scroll labelled ZELAB IM DALO
   695 | D:1      | 695 ||| READING scroll labelled SYKEMO XOMO.
   696 | D:1      | 696 ||| READING scroll labelled VUPIKL YDUSOG.
   697 | D:1      | 697 ||| DROPPING scroll of butterflies.
   698 | D:1      | 698 ||| DROPPING scroll of blinking.
   699 | D:1      | 699 ||| DROPPING potion of lignification.
  1183 | D:2      | Reached skill level 3 in Fighting
  1349 | D:2      | Reached XP level 4. HP: 25/28 MP: 4/4
  1473 | D:2      | 1473 ||| UPGRADING to +2 pair of boots.
  1478 | D:2      | 1478 ||| UPGRADING to +0 ring mail.
  1488 | D:2      | 1488 ||| DROPPING +0 leather armour.
  1489 | D:2      | 1489 ||| UPGRADING to ring of protection from fire.
  1490 | D:2      | 1490 ||| READING 4 scrolls of identify.
  1490 | D:2      | 1490 ||| IDENTIFYING smoky black potion
  1491 | D:2      | 1491 ||| READING 3 scrolls of identify.
  1491 | D:2      | 1491 ||| IDENTIFYING scroll labelled GEDDEI FU VUPH
  1492 | D:2      | 1492 ||| READING 2 scrolls of identify.
  1492 | D:2      | 1492 ||| IDENTIFYING scroll labelled KOOW WUMUIME
  1493 | D:2      | 1493 ||| DROPPING potion of brilliance.
  1494 | D:2      | 1494 ||| DROPPING scroll of torment.
  1571 | D:3      | Found a white marble altar of Elyvilon.
  1666 | D:3      | Found a faded altar of an unknown god.
  1676 | D:3      | Reached skill level 1 in Armour
  1694 | D:3      | HP: 2/28 [orc priest/divine providence (14)]
  1694 | D:3      | Killed from afar by an orc priest

Levels and vault maps discovered:
D:1:      psy_arrival_conway, layout_loops_cross
D:2:      layout_loops_cross, minmay_split_cup_small
D:3:      minmay_recursive_quarters, layout_rooms, makhleb_altar_promises_db,
          elyvilon_altar_5, dreamdust_ecumenical_altar_drowned_temple,
          minmay_misc_feat_hallway

Skill      XL: |  1  2  3  4 |
---------------+-------------+-----
Ranged Weapons | 5 |  5.1
Fighting       | 3 |  3.1
Armour         | 1 |  1.0
Dodging        | |  1.5
Stealth        | |  1.1

Action                     |  1- 3 |  4- 6 || total
---------------------------+-------+-------++-------
   Fire: Shortbow          |    85 |    41 ||   126
    Use: Scroll            |     5 |     3 ||     8
 Armour: Leather armour    |    21 |       ||    21
         Ring mail         |       |     5 ||     5
  Dodge: Dodged            |    27 |    12 ||    39

Table legend:
 A = Non-vault XP
 B = Vault XP
 C = Vault XP percentage of total XP
 D = Non-vault monster count
 E = Vault monster count
 F = Vault count percentage of total count
                 A         B        C        D         E       F
            +---------+---------+-------+---------+---------+-------
      Total |      95 |      17 |  15.2 |      37 |       4 |   9.8
            +---------+---------+-------+---------+---------+-------
        D:1 |      40 |       0 |   0.0 |      20 |       0 |   0.0
        D:2 |      36 |      16 |  30.8 |       7 |       3 |  30.0
        D:3 |      19 |       1 |   5.0 |      10 |       1 |   9.1
            +---------+---------+-------+---------+---------+-------
